Map: 2000 Atmospheres LE

Players

Reynor - Winner!

  • Race: Zerg Zerg
  • League: Master

Serral

  • Race: Zerg Zerg
  • League: Master

Event: DreamHack SC2 Masters 2021 Summer

VOD

Have the link to the VOD?

Description

Time

  • Played on: June 4, 2021, 1:14 p.m.
  • Length: 20:27

All games in this series

Show
View Real Time Build Order
Export as new Build Order

Reynor Zerg - Winner!

Build Orders: Hatch First 

Get SALT Encoding   

  12  0:00  Drone  
  13  0:12  Overlord  
  13  0:17  Drone  
  14  0:30  Drone x2  
  16  0:47  Hatchery  
  15  0:50  Drone  
  15  0:54  Drone  
  17  0:57  Drone  
  18  1:08  Extractor  
  17  1:13  Spawning Pool  
  17  1:16  Drone  
  17  1:19  Drone  
  18  1:27  Drone  
  19  1:38  Drone  
  20  1:49  Drone  
  21  2:00  Queen x2, Zergling x2, Overlord  
  26  2:08  Metabolic Boost  
  26  2:10  Drone  
  26  2:11  Drone  
  28  2:20  Drone  
  28  2:21  Drone  
  30  2:33  Hatchery  
  30  2:35  Zergling x2  
  30  2:38  Drone  
  31  2:44  Baneling Nest  
  31  2:47  Drone x2  
  32  2:53  Overlord  
  32  2:57  Drone  
  33  3:04  Drone x2  
  35  3:08  Overlord  
  35  3:10  Zergling x2  
  36  3:14  Zergling x6  
  39  3:20  Overlord  
  39  3:22  Evolution Chamber  
  39  3:25  Zergling x2  
  39  3:26  Zergling x2  
  41  3:27  Drone  
  41  3:28  Baneling  
  41  3:30  Drone  
  41  3:33  Baneling  
  42  3:36  Queen  
  42  3:39  Baneling  
  42  3:40  Drone  
  45  3:47  Zergling x4  
  47  3:49  Drone x3  
  47  3:54  Overlord  
  51  4:06  Zergling x2  
  51  4:07  Zergling x4  
  53  4:22  Drone x2  
  51  4:27  Drone x3  
  52  4:32  Drone x3  
  52  4:34  Drone  
  56  4:41  Zerg Ground Armor Level 1  
  56  4:43  Drone  
  56  4:45  Drone  
  58  4:47  Drone  
  58  4:50  Overlord  
  59  4:57  Drone x2  
  59  4:58  Drone  
  62  5:02  Extractor, Roach Warren  
  62  5:03  Extractor  
  62  5:04  Baneling x2  
  62  5:05  Drone x2  
  61  5:07  Drone  
  61  5:08  Drone  
  63  5:15  Drone x3  
  63  5:16  Drone  
  63  5:17  Overlord  
  67  5:24  Drone x2  
  69  5:33  Overlord  
  68  5:40  Overlord  
  68  5:45  Roach x7  
  68  5:46  Roach  
  68  5:47  Zergling x6  
  87  5:51  Overlord  
  87  5:52  Roach  
  88  6:03  Zergling x8, Roach x4  
  100  6:06  Overlord  
  100  6:10  Zergling x4, Roach  
  104  6:14  Zergling x2, Roach  
  104  6:15  Baneling x3  
  104  6:17  Zergling x2  
  103  6:19  Baneling  
  103  6:25  Baneling x2  
  103  6:27  Zergling x4  
  103  6:28  Zergling x2  
  103  6:31  Baneling x2  
  101  6:36  Zergling x6  
  101  6:37  Zergling x4  
  103  6:42  Zergling x2  
  101  6:48  Zergling x4  
  101  6:49  Queen  
  101  6:51  Zergling x2  
  101  6:53  Zergling x8  
  102  6:56  Zergling x4  
  102  7:01  Queen  
  99  7:02  Drone x4  
  99  7:04  Zergling x4  
  104  7:08  Zerg Melee Weapons Level 1  
  104  7:10  Drone  
  104  7:12  Drone  
  104  7:14  Drone  
  105  7:17  Queen  
  105  7:20  Drone x3  
  109  7:24  Queen  
  108  7:33  Drone x3  
  108  7:35  Spore Crawler  
  108  7:36  Queen  
  105  7:38  Spore Crawler  
  105  7:41  Drone x2  
  105  7:42  Spore Crawler  
  105  7:43  Zergling x8  
  108  7:44  Zergling x2, Spore Crawler  
  108  7:48  Drone x2  
  108  7:51  Spore Crawler  
  104  7:53  Zergling x6  
  106  7:58  Queen  
  106  8:00  Overlord x2  
  106  8:04  Lair  
  108  8:09  Baneling  
  108  8:16  Spore Crawler  
  108  8:17  Overlord  
  108  8:19  Extractor  
  106  8:20  Drone x2  
  106  8:22  Zergling x2  
  106  8:23  Zergling x14, Spore Crawler  
  106  8:26  Spore Crawler  
  114  8:27  Overlord  
  114  8:31  Queen  
  114  8:37  Overlord  
  114  8:40  Zergling x14  
  119  8:44  Queen  
  120  8:49  Spore Crawler  
  116  8:57  Drone  
  116  9:02  Zergling x10  
  118  9:05  Zerg Ground Armor Level 2  
  118  9:09  Hatchery  
  111  9:11  Queen  
  111  9:14  Infestation Pit  
  111  9:15  Spore Crawler  
  111  9:16  Drone x2  
  109  9:21  Drone x4  
  113  9:28  Drone x2, Spore Crawler  
  116  9:41  Zergling x10  
  116  9:45  Queen  
  123  9:47  Queen, Spore Crawler  
  123  9:48  Baneling x3  
  122  9:54  Evolution Chamber  
  122  9:56  Drone x8  
  127  10:02  Hive  
  127  10:10  Drone  
  127  10:12  Extractor  
  127  10:13  Zergling x6  
  130  10:20  Zergling x10  
  134  10:23  Drone x4  
  134  10:28  Queen  
  138  10:35  Overlord  
  131  10:37  Baneling x2  
  131  10:38  Baneling  
  131  10:39  Baneling  
  131  10:40  Zerg Melee Weapons Level 2  
  131  10:41  Queen  
  133  10:43  Spore Crawler x2  
  133  10:44  Baneling x2  
  133  10:46  Drone  
  133  10:48  Baneling x2  
  132  10:53  Baneling x2  
  133  10:57  Drone  
  133  10:58  Overlord  
  133  11:03  Drone x3  
  133  11:04  Drone, Overlord  
  137  11:07  Drone  
  137  11:10  Spawning Pool  
  137  11:15  Viper x3  
  137  11:16  Ultralisk Cavern  
  145  11:21  Drone x5  
  145  11:22  Extractor, Drone x3  
  145  11:23  Extractor  
  145  11:24  Extractor  
  145  11:25  Baneling x2  
  150  11:39  Zerg Ground Armor Level 3  
  150  11:50  Drone x2  
  150  11:51  Drone x2  
  154  11:55  Overlord x2  
  154  11:56  Overlord  
  154  12:01  Overlord  
  154  12:04  Ultralisk x2, Chitinous Plating  
  154  12:05  Overlord  
  164  12:08  Overlord  
  164  12:12  Overlord  
  164  12:21  Drone x7  
  164  12:22  Drone x3  
  159  12:23  Drone x2  
  159  12:24  Drone  
  159  12:29  Zergling x2, Ultralisk x3  
  180  12:34  Overseer  
  180  12:37  Zergling x6  
  182  12:41  Extractor  
  181  12:48  Zergling x10, Ultralisk  
  192  12:56  Overlord  
  189  13:06  Baneling  
  189  13:07  Baneling x5  
  189  13:09  Overlord  
  180  13:16  Zergling x14  
  180  13:17  Drone  
  180  13:18  Drone x3  
  187  13:26  Overlord  
  185  13:32  Ultralisk x2, Overseer  
  185  13:33  Overseer  
  185  13:34  Overseer  
  195  13:35  Pneumatized Carapace  
  195  13:40  Hatchery  
  194  13:44  Zergling x2  
  194  13:53  Baneling x6  
  194  13:58  Ultralisk  
  194  13:59  Zerg Melee Weapons Level 3  
  194  14:00  Hatchery  
  167  14:21  Zergling x40  
  167  14:22  Zergling x2, Ultralisk  
  176  14:33  Viper x3  
  176  14:36  Zergling x2  
  175  14:42  Drone  
  174  14:47  Overseer  
  174  14:51  Drone x3  
  174  14:52  Drone  
  174  14:57  Zergling x12  
  180  15:02  Queen x2  
  184  15:11  Ultralisk x2  
  196  15:20  Overseer  
  192  15:27  Zergling x2, Ultralisk  
  199  15:34  Baneling x11  
  199  15:41  Spore Crawler x2  
  197  15:45  Spore Crawler  
  191  15:50  Drone x8  
  199  15:59  Overlord  
  199  16:04  Baneling  
  199  16:05  Baneling x5  
  199  16:16  Hatchery  
  167  16:35  Zergling x24  
  157  16:40  Zergling x6, Ultralisk x3  
  157  16:46  Queen x2  
  178  16:50  Viper x5  
  178  16:52  Overseer x2  
  189  16:59  Drone x3  
  189  17:00  Extractor, Queen  
  193  17:22  Queen  
  190  17:29  Drone x10  
  197  17:35  Extractor  
  196  17:37  Zergling x8  
  196  17:42  Queen, Spore Crawler x2  
  196  17:43  Hatchery  
  199  17:50  Zergling x2  
  199  17:51  Zergling x4  
  199  17:55  Overlord  
  200  17:58  Overlord  
  200  18:02  Overlord  
  200  18:07  Spore Crawler  
  200  18:12  Overlord  
  193  18:14  Overseer x3  
  193  18:15  Overseer  
  193  18:17  Zergling x2  
  193  18:18  Zergling x12  
  200  18:22  Overseer x3  
  200  18:23  Overseer  
  190  18:52  Zergling x20  
  200  18:55  Spore Crawler  
  185  19:04  Zergling x2, Ultralisk x3  
  200  19:11  Overseer x9  
  200  19:20  Zergling x6  
  190  19:29  Ultralisk x2  
  190  19:30  Zergling x24, Ultralisk  
  194  19:33  Queen x2  
  185  19:43  Drone x4, Queen  
  176  19:48  Queen  
  176  19:49  Queen  
  176  19:51  Zergling x2  
  189  20:05  Hatchery, Zergling x2  
  189  20:06  Zergling x8  
Show
View Real Time Build Order
Export as new Build Order

Serral Zerg 

Build Orders: Hatch First, Lurkers, Muta Ling Bane, Zergling Baneling 

Get SALT Encoding   

  12  0:00  Drone  
  13  0:12  Overlord  
  13  0:17  Drone  
  14  0:30  Drone x2  
  16  0:47  Hatchery  
  15  0:50  Drone  
  15  0:54  Drone  
  17  0:57  Drone  
  18  1:07  Extractor  
  17  1:12  Spawning Pool  
  17  1:15  Drone  
  17  1:18  Drone  
  18  1:27  Drone  
  19  1:39  Drone  
  20  1:49  Drone  
  21  1:58  Queen  
  21  1:59  Queen, Zergling x2  
  26  2:01  Overlord  
  26  2:08  Metabolic Boost  
  26  2:10  Drone  
  26  2:11  Drone  
  28  2:21  Drone x2  
  30  2:32  Zergling x2  
  30  2:36  Hatchery  
  30  2:37  Drone  
  31  2:45  Drone, Baneling Nest  
  31  2:49  Overlord  
  31  2:53  Zergling x2  
  31  2:54  Drone  
  33  3:04  Drone  
  33  3:05  Drone x2  
  35  3:08  Zergling x6  
  35  3:12  Zergling x4  
  41  3:19  Overlord  
  41  3:21  Zergling x2  
  42  3:27  Zergling x2  
  42  3:29  Zergling x2  
  44  3:35  Baneling x2  
  44  3:38  Zergling x2  
  44  3:40  Baneling x4  
  45  3:43  Zergling x6  
  45  3:44  Drone  
  45  3:45  Drone x2, Zergling x2  
  52  3:49  Drone  
  52  3:54  Drone  
  53  3:58  Drone  
  53  4:02  Drone  
  53  4:08  Drone  
  53  4:09  Drone  
  55  4:13  Overlord  
  55  4:15  Baneling x2  
  57  4:18  Queen  
  57  4:19  Overlord  
  57  4:24  Drone  
  57  4:27  Extractor  
  57  4:30  Evolution Chamber  
  56  4:31  Roach Warren  
  56  4:36  Queen, Lair  
  56  4:37  Drone x3  
  56  4:38  Drone  
  59  4:40  Drone  
  59  4:41  Drone  
  59  4:44  Drone x2  
  63  4:46  Drone  
  63  4:47  Drone  
  63  4:48  Baneling  
  63  4:51  Extractor  
  63  4:52  Drone x2, Extractor  
  66  4:54  Drone  
  66  4:59  Overlord  
  65  5:00  Drone  
  65  5:01  Drone  
  65  5:03  Drone  
  65  5:06  Drone x2  
  70  5:11  Overlord  
  70  5:12  Drone  
  71  5:18  Drone  
  71  5:19  Drone  
  73  5:24  Extractor  
  73  5:25  Drone  
  73  5:26  Extractor  
  72  5:29  Overlord  
  72  5:30  Drone x2  
  72  5:32  Zerg Melee Weapons Level 1  
  72  5:35  Spire  
  72  5:37  Drone x5  
  72  5:38  Drone  
  77  5:46  Drone x2  
  79  5:51  Zergling x8  
  79  5:53  Baneling  
  79  5:55  Zergling x6  
  86  6:02  Overlord  
  86  6:03  Overlord  
  86  6:04  Zergling x2  
  87  6:13  Spine Crawler  
  87  6:14  Spine Crawler  
  87  6:15  Spine Crawler  
  87  6:18  Spine Crawler, Zergling x12  
  88  6:23  Baneling x2  
  88  6:24  Spine Crawler  
  86  6:33  Evolution Chamber  
  83  6:44  Spine Crawler  
  83  6:48  Mutalisk x7  
  83  6:51  Mutalisk  
  85  6:54  Mutalisk  
  85  6:57  Mutalisk  
  85  7:02  Mutalisk  
  85  7:04  Mutalisk  
  85  7:07  Mutalisk  
  87  7:19  Mutalisk  
  79  7:31  Drone x2  
  79  7:32  Drone x3  
  78  7:40  Drone x4  
  79  7:45  Hatchery  
  79  7:49  Drone x2  
  80  7:54  Mutalisk  
  82  8:01  Zerg Flyer Weapons Level 1  
  82  8:05  Mutalisk x3  
  88  8:17  Mutalisk  
  88  8:18  Mutalisk  
  92  8:33  Zergling x4  
  92  8:34  Zergling x10  
  99  8:38  Hatchery, Overlord  
  99  8:39  Zerg Melee Weapons Level 2  
  98  8:45  Mutalisk  
  98  8:48  Overlord x2  
  100  8:51  Overlord  
  100  8:55  Overlord  
  100  9:01  Centrifical Hooks  
  101  9:10  Baneling  
  101  9:11  Hatchery  
  101  9:15  Drone x4  
  101  9:16  Hydralisk Den  
  103  9:18  Drone  
  103  9:23  Drone x2  
  106  9:24  Extractor  
  105  9:33  Baneling x2  
  105  9:38  Drone x3  
  108  9:50  Drone x2, Lurker Den  
  108  9:53  Infestation Pit  
  108  9:54  Drone x4  
  111  10:13  Baneling x9  
  111  10:16  Hatchery  
  111  10:19  Hydralisk  
  112  10:25  Hydralisk x2  
  112  10:28  Hydralisk  
  118  10:34  Hydralisk  
  118  10:35  Hydralisk x2  
  115  10:39  Zergling x4  
  121  10:44  Hive  
  121  10:48  Zergling x4  
  123  10:50  Lurker x2  
  123  10:56  Zerg Missile Weapons Level 1  
  125  11:01  Zergling x8  
  125  11:02  Overlord x2  
  129  11:12  Drone, Baneling x4  
  129  11:13  Drone x6  
  129  11:15  Lurker  
  129  11:16  Lurker  
  138  11:20  Overlord  
  138  11:26  Drone x2  
  138  11:27  Lurker x2  
  138  11:32  Drone x3  
  145  11:35  Extractor  
  145  11:37  Extractor  
  143  11:42  Spore Crawler  
  143  11:44  Drone, Spore Crawler  
  142  11:47  Baneling x12  
  142  11:49  Overlord  
  142  11:53  Evolution Chamber  
  141  11:55  Grooved Spines  
  141  12:01  Seismic Spines  
  141  12:05  Hydralisk x2  
  143  12:11  Hydralisk x3  
  143  12:13  Hydralisk  
  145  12:25  Hydralisk x4  
  145  12:26  Hydralisk  
  152  12:32  Lurker  
  152  12:34  Drone x2  
  152  12:35  Drone x2, Spore Crawler  
  154  12:38  Drone, Zerg Ground Armor Level 1  
  154  12:39  Drone  
  156  12:45  Zergling x10  
  156  12:48  Queen  
  163  12:59  Lurker x4  
  163  13:05  Hydralisk x2  
  169  13:06  Zergling x4  
  169  13:11  Hydralisk  
  169  13:12  Hydralisk, Zergling x6  
  161  13:13  Zergling x4  
  161  13:15  Drone  
  161  13:16  Drone x2  
  161  13:19  Drone x2  
  166  13:23  Zerg Missile Weapons Level 2  
  165  13:30  Zergling x8  
  165  13:32  Baneling x3  
  169  13:39  Spore Crawler  
  169  13:40  Spore Crawler  
  167  13:46  Drone x3  
  170  13:49  Overlord  
  170  13:50  Lurker  
  170  13:53  Spore Crawler, Overlord  
  170  13:58  Overlord  
  170  14:04  Hydralisk x2  
  170  14:07  Hydralisk  
  169  14:13  Hydralisk x2  
  169  14:16  Hydralisk  
  150  14:19  Hydralisk  
  150  14:22  Hydralisk  
  128  14:30  Hydralisk  
  125  14:37  Hydralisk  
  125  14:38  Hydralisk  
  119  14:44  Lurker x3  
  115  14:56  Hydralisk x3  
  120  15:10  Adaptive Talons  
  120  15:13  Hydralisk x3  
  126  15:21  Baneling x7  
  126  15:25  Hydralisk  
  126  15:26  Hydralisk  
  130  15:30  Lurker x3  
  130  15:35  Lurker x2  
  135  15:42  Lurker x3  
  136  15:51  Hydralisk x3  
  141  16:05  Hydralisk x3, Overlord  
  146  16:19  Hydralisk x2  
  146  16:22  Lurker  
  146  16:23  Lurker  
  152  16:31  Hydralisk x2  
  140  16:33  Hydralisk  
  140  16:35  Hydralisk  
  142  16:53  Lurker  
  142  16:54  Lurker x2  
  145  16:58  Glial Reconstitution  
  145  17:02  Hatchery  
  144  17:10  Zergling x8  
  148  17:17  Roach x4  
  157  17:25  Roach  
  157  17:26  Roach  
  161  17:34  Roach  
  161  17:35  Spore Crawler  
  161  17:36  Hatchery  
  161  17:42  Lurker x4  
  165  17:47  Roach x2  
  168  17:54  Roach x2  
  168  17:55  Lurker  
  168  17:57  Roach  
  175  18:03  Zergling x4  
  175  18:06  Overlord  
  175  18:12  Overlord  
  174  18:16  Overlord  
  174  18:19  Overseer  
  174  18:22  Overlord  
  174  18:26  Roach  
  176  18:32  Baneling x4  
  178  18:34  Roach  
  178  18:44  Roach x2  
  177  18:58  Roach x3  
  144  19:25  Roach x5  
  118  19:38  Roach x3  
  110  19:56  Hydralisk x2  
  110  19:59  Hydralisk  
Tags
 
Add a new tag
Caveats
  • Supply blocks, unpowered buildings, or Contaminate may cause inaccurate times.
  • Supply counts are checked every 10 seconds.